AoeStats
← InTrUsIoN

Black Forest

510624951Analyzed
3v3 RM · 1d ago on Oct 1, 2026· 93m 50s· 6 players
Game mode
Random Map
Map size
Normal (6 player)
Population
200
Speed
Normal
Resources
Standard
Victory
Conquest
Starting age
Dark Age
Ending age
Imperial Age
RankedLock teamsTeams togetherTeam positionsShared explorationLock speedFull tech treeHidden civsTurbo modeCheats
Victory
Defeat
🇺🇸 Lithuanians · United States
484
+25
🇨🇳 Teutons · China
412
+27
🇹🇷 Gurjaras · Türkiye
293
+30
🇹🇷 Saracens · Türkiye
723
-50
🇹🇷 Turks · Türkiye
720
-50
🇹🇷 Bohemians · Türkiye
662
-26
InTrUsIoN
0:26 Loom
16:06 Feudal Age
21:17 Double-Bit Axe
24:31 Castle Age
22:19 Horse Collar
24:36 Gold Mining
26:40 Wheelbarrow
26:52 Bow Saw
27:56 Caravan
31:53 Heavy Plow
35:13 Imperial Age
33:04 Hand Cart
32:41 Town Watch
35:08 Light Cavalry
36:00 Bloodlines
35:51 Husbandry
37:03 Town Patrol
38:27 Stone Mining
39:48 Forging
39:44 Scale Barding Armor
40:46 Chemistry
39:43 Murder Holes
40:12 Ballistics
40:23 Conscription
44:26 Crop Rotation
45:02 Two-Man Saw
44:13 Winged Hussar
44:34 Cavalier
45:56 Iron Casting
45:42 Chain Barding Armor
50:47 Hoardings
50:54 Plate Barding Armor
50:14 Paladin
53:53 Stone Shaft Mining
56:46 Bombard Tower
60:13 Elite Leitis
3119395234
1:17 Loom
15:25 Feudal Age
16:55 Wheelbarrow
16:06 Horse Collar
16:15 Double-Bit Axe
16:19 Town Watch
22:22 Castle Age
20:22 Stone Mining
20:41 Gold Mining
23:23 Bow Saw
23:18 Heavy Plow
25:20 Hand Cart
27:28 Coinage
27:00 Caravan
28:48 Stone Shaft Mining
34:22 Town Patrol
34:42 Fortified Wall
34:53 Ballistics
35:18 Forging
34:59 Fletching
39:26 Imperial Age
38:19 Iron Casting
37:40 Bodkin Arrow
37:46 Scale Mail Armor
40:07 Scale Barding Armor
40:03 Padded Archer Armor
41:11 Blast Furnace
40:51 Crop Rotation
40:56 Banking
40:38 Guilds
41:32 Two-Man Saw
41:41 Chemistry
40:27 Arrowslits
41:44 Conscription
41:28 Heavy Scorpion
43:20 Onager
45:18 Siphons
44:45 Elite Teutonic Knight
47:27 Chain Mail Armor
47:34 Chain Barding Armor
47:30 Leather Archer Armor
47:51 Heresy
47:43 Redemption
47:54 Sanctity
47:50 Block Printing
47:47 Fervor
48:17 Elite Skirmisher
49:31 Plate Mail Armor
49:18 Clinker Construction
49:19 Careening
49:20 Masonry
50:37 Plate Barding Armor
50:17 Siege Onager
50:18 Capped Ram
51:40 Hoardings
50:32 Cavalier
51:44 Ring Archer Armor
51:33 Atonement
51:59 Illumination
52:00 Sappers
52:01 Pikeman
52:42 Squires
52:27 Arson
52:29 Gambesons
52:05 Man-at-Arms
54:46 Ironclad
55:55 Paladin
56:02 Halberdier
56:03 Long Swordsman
59:20 Carvel Hull
59:07 Siege Engineers
59:24 Bombard Tower
58:29 Two-Handed Swordsman
59:36 Champion
71:37 Guard Tower
71:39 Heated Shot
83:42 Devotion
84:18 Theocracy
87:35 Bloodlines
aydinturkmen46
0:41 Loom
14:17 Feudal Age
14:43 Double-Bit Axe
15:01 Gold Mining
15:57 Wheelbarrow
23:34 Castle Age
21:33 Horse Collar
25:36 Hand Cart
25:54 Heavy Plow
28:43 Fervor
29:23 Bow Saw
34:18 Stone Mining
35:04 Gold Shaft Mining
36:19 Stone Shaft Mining
41:16 Imperial Age
42:34 Treadmill Crane
43:07 Fortified Wall
43:08 Masonry
42:50 Guard Tower
44:02 Chemistry
44:54 Crop Rotation
44:41 Murder Holes
45:08 Ballistics
44:55 Scale Mail Armor
44:55 Padded Archer Armor
45:27 Caravan
47:23 Conscription
47:44 Hoardings
48:26 Kshatriyas
50:18 Forging
50:24 Chain Mail Armor
50:14 Scale Barding Armor
50:10 Padded Archer Armor
50:01 Fletching
50:48 Architecture
52:15 Frontier Guards
52:17 Conscription
52:03 Husbandry
52:48 Elite Chakram Thrower
54:40 Keep
54:01 Arson
53:39 Elite Skirmisher
53:42 Light Cavalry
55:54 Chain Barding Armor
56:05 Plate Mail Armor
56:11 Iron Casting
55:52 Leather Archer Armor
56:04 Thumb Ring
58:21 Heavy Scorpion
58:34 Elite Shrivamsha Rider
58:35 Hussar
59:26 Bloodlines
62:21 Bodkin Arrow
63:01 Plate Barding Armor
62:03 Sappers
67:28 Elite Elephant Archer
Han53
0:29 Loom
15:41 Feudal Age
17:06 Wheelbarrow
17:35 Double-Bit Axe
19:39 Horse Collar
26:03 Castle Age
29:10 Chemistry
28:38 Fervor
28:49 Sanctity
28:54 Town Watch
29:55 Bow Saw
29:47 Arson
30:03 Squires
30:24 Heavy Plow
32:50 Town Patrol
36:02 Hand Cart
36:09 Caravan
36:56 Wagenburg Tactics
40:46 Imperial Age
39:40 Husbandry
40:58 Elite Hussite Wagon
42:04 Guilds
42:11 Scale Barding Armor
42:07 Scale Mail Armor
42:17 Forging
41:57 Fletching
42:08 Padded Archer Armor
43:19 Conscription
42:51 Houfnice
43:23 Sappers
45:11 Iron Casting
44:52 Chain Mail Armor
44:32 Bodkin Arrow
45:53 Ballistics
46:48 Pikeman
49:53 Plate Mail Armor
49:24 Bracer
49:39 Leather Archer Armor
50:24 Blast Furnace
51:08 Two-Man Saw
53:12 Ring Archer Armor
55:36 Coinage
55:22 Siege Engineers
55:41 Husbandry
55:03 Light Cavalry
55:03 Cavalier
59:37 Scale Barding Armor
61:34 Chain Barding Armor
70:07 Halberdier
broo
7:14 Loom
13:12 Feudal Age
14:35 Wheelbarrow
14:05 Town Watch
16:24 Padded Archer Armor
16:30 Scale Barding Armor
22:08 Scale Mail Armor
22:20 Forging
22:15 Horse Collar
29:12 Castle Age
29:02 Arson
28:38 Man-at-Arms
30:10 Hand Cart
30:41 Caravan
31:39 Stone Mining
31:40 Gold Mining
31:54 Heavy Plow
34:39 Coinage
37:23 Town Patrol
38:32 Squires
38:17 Gambesons
37:53 Long Swordsman
37:54 Pikeman
40:50 Town Patrol
41:32 Gold Shaft Mining
41:24 Chain Mail Armor
41:45 Iron Casting
41:01 Fletching
41:26 Leather Archer Armor
41:34 Bimaristan
46:49 Masonry
46:36 Murder Holes
46:52 Fortified Wall
47:03 Ballistics
46:34 Guard Tower
46:49 Siphons
47:17 Sanctity
46:58 Devotion
47:22 Herbal Medicine
51:54 Imperial Age
53:31 Siege Engineers
54:01 Keep
56:55 Chemistry
55:42 Arrowslits
56:08 Incendiaries
55:24 Elite Mameluke
57:27 Conscription
57:44 Hoardings
57:26 Onager
57:27 Capped Ram
59:08 Plate Mail Armor
58:59 Chain Barding Armor
60:07 Banking
60:16 Ring Archer Armor
59:43 Bodkin Arrow
60:25 Siege Onager
62:02 Siege Ram
67:30 Blast Furnace
66:32 Bracer
67:07 Plate Barding Armor
66:47 Counterweights
84:49 Two-Handed Swordsman
tahir.altn
3:51 Loom
16:21 Feudal Age
17:25 Horse Collar
18:46 Wheelbarrow
17:58 Town Watch
22:44 Arson
22:20 Man-at-Arms
23:29 Double-Bit Axe
30:48 Castle Age
29:41 Forging
31:18 Fletching
31:29 Padded Archer Armor
31:30 Scale Mail Armor
31:36 Scale Barding Armor
32:24 Bow Saw
33:23 Hand Cart
34:45 Town Patrol
36:12 Chain Barding Armor
36:11 Caravan
38:24 Heavy Plow
38:53 Leather Archer Armor
38:54 Chain Mail Armor
38:35 Bodkin Arrow
39:16 Iron Casting
39:56 Gold Mining
39:57 Stone Mining
45:17 Masonry
44:47 Treadmill Crane
44:59 Heated Shot
45:30 Ballistics
45:01 Guard Tower
45:22 Fortified Wall
45:07 Murder Holes
45:23 Clinker Construction
45:24 Careening
45:20 Siphons
45:43 Sanctity
45:24 Devotion
45:36 Redemption
45:38 Fervor
46:01 Squires
45:23 Long Swordsman
46:07 Husbandry
46:18 Bloodlines
46:17 Thumb Ring
51:21 Imperial Age
49:39 Gold Shaft Mining
52:15 Coinage
52:43 Two-Handed Swordsman
52:52 Crossbowman
54:01 Parthian Tactics
55:32 Ring Archer Armor
55:03 Bracer
55:47 Banking
56:34 Sipahi
56:36 Conscription
58:49 Plate Barding Armor
58:45 Plate Mail Armor
59:16 Blast Furnace
58:33 Guilds
57:58 Heavy Cavalry Archer
58:02 Elite Janissary
61:06 Artillery
60:38 Sappers
61:28 Champion
63:31 Hoardings
64:17 Theocracy
64:03 Heresy
63:49 Atonement
64:15 Dry Dock
64:30 Architecture
76:07 Cavalier
Connection lost

Rejoining the realm…

Still unreachable

The connection could not be restored.

Session expired

The server has moved on; the page needs a fresh start.